 Dungeon Crawl Stone Soup version 0.28.0-45-g0d030f2227 (webtiles) character file.

Game seed: 4639422300140405849

7712 pkoi the Martial Artist (level 10, -1/73 (80) HPs)
             Began as a Demigod Gladiator on Apr 11, 2022.
             Slain by Grum
             ... wielding a -1 glaive
              (12 damage)
             ... on level 1 of the Lair of Beasts.
             The game lasted 00:34:51 (20725 turns).

pkoi the Martial Artist (Demigod Gladiator)        Turns: 20725, Time: 00:34:52

HP:   -1/73 (80)    AC: 10    Str: 15    XL:     10   Next: 68%
MP:   17/20         EV: 14    Int: 22    God:
Gold: 422           SH:  0    Dex: 15    Spells: 6/17 levels left

rFire   . . .      SeeInvis .   o - +1 dagger (venom)
rCold   . . .      Faith    .   (no shield)
rNeg    . . .      Spirit   .   i - +0 steam dragon scales
rPois   .          Reflect  .   a - +1 hat {Stlth+}
rElec   .          Harm     .   s - +0 cloak
rCorr   .          Rampage  .   l - +0 pair of gloves
Will    +....                   (no boots)
Stlth   ++........              f - amulet of magic regeneration
HPRegen 0.22/turn               (no ring)
MPRegen 0.57/turn               (no ring)

@: drained
A: high MP 1, forlorn, divine attributes, iridescent scales 1, subdued magic 1
a: no special abilities


You were on level 1 of the Lair of Beasts.
You visited 3 branches of the dungeon, and saw 12 of its levels.

You collected 590 gold pieces.
You spent 168 gold pieces at shops.

Inventory:

Hand Weapons
 g - a +0 dagger
 o - a +1 dagger of venom (weapon)
 p - a +3 fustibalus
 z - the +5 dagger of Capital Punishment {drain, Str+4}
   (You bought it in a shop on level 5 of the Dungeon)

   A truly terrible weapon, it drains the life of any living foe it strikes.
   Str:       It affects your strength (+4).
Missiles
 c - 2 throwing nets (quivered)
 t - a curare-tipped dart
 v - 31 sling bullets
Armour
 a - a +1 hat of stealth (worn)
 i - +0 steam dragon scales (worn)
 l - a +0 pair of gloves (worn)
 s - a +0 cloak (worn)
 y - a +1 robe of fire resistance
Jewellery
 f - an amulet of magic regeneration (around neck)
 u - a ring of positive energy
 C - an amulet of reflection
Wands
 j - a wand of acid (8)
 r - a wand of polymorph (10)
 x - a wand of iceblast (5)
Scrolls
 d - 4 scrolls of identify
 e - 2 scrolls of magic mapping
 n - 2 scrolls of blinking
 q - 5 scrolls of teleportation
 B - a scroll of amnesia
 D - a scroll of fear
Potions
 h - a potion of haste {unknown}
 k - 2 potions of flight
 m - 2 potions of heal wounds
 w - 2 potions of curing
 A - a potion of brilliance


   Skills:
 + Level 4.3 Fighting
 - Level 1.7 Throwing
 - Level 5.1 Dodging
 * Level 10.9 Unarmed Combat
 + Level 4.4 Spellcasting
 - Level 3.0 Hexes
 + Level 4.3 Summonings
 + Level 1.2 Translocations
 + Level 3.4 Transmutations
 - Level 3.0 Fire Magic
 - Level 3.0 Poison Magic
 + Level 0.2 Evocations


You had 6 spell levels left.
You knew the following spells:

 Your Spells              Type           Power      Damage    Failure   Level
a - Call Canine Familiar  Summ           18%        N/A       4%          3
b - Summon Guardian Gole  Hex/Summ       16%        N/A       5%          3
c - Ignite Poison         Fire/Tmut/Pois 14%        N/A       7%          3
d - Blink                 Tloc           16%        N/A       8%          2

Your spell library contained the following spells:

 Spells                   Type           Power      Damage    Failure   Level
 Summon Small Mammal      Summ           72%        N/A       1%          1
 Animate Skeleton         Necr           6%         N/A       9%          1
 Conjure Flame            Conj/Fire      8%         6-21      14%         3
 Vampiric Draining        Necr           3%         2d6       28%         3
 Sticky Flame             Conj/Fire      8%         2d3       45%         4
 Manifold Assault         Tloc           8%         N/A       85%         5
 Storm Form               Tmut/Air       4%         N/A       100%        7
 Chain Lightning          Conj/Air       1%         3d2       100%        9


Dungeon Overview and Level Annotations

Branches:
Dungeon (10/15)            Temple (1/1) D:4            Lair (1/6) D:9
    Orc: D:9-12

Shops:
D:5 (

Annotations:
D:7 Maurice
D:9 Erica
Lair:1 Grum


Innate Abilities, Weirdness & Mutations

You have an increased reservoir of magic. (+10% MP)
You shall have no god before yourself.
Your divine heritage dramatically boosts your attributes as you level up.
You are partially covered in iridescent scales. (AC +2)
Your spells are a little easier to cast, but a little less powerful.


Message History

The wolf is lightly wounded.
The wolf bites you!
* * * LOW HITPOINT WARNING * * *
The wolf closely misses you.
You closely miss the wolf. You punch the wolf.
The wolf is lightly wounded.
The wolf barely misses you.
You hit the wolf.
The wolf is poisoned.
The wolf is lightly wounded.
The wolf bites you but does no damage. The wolf misses you. x2
You hit the wolf.
The wolf looks as sick as possible!
You punch the wolf, but do no damage.
The wolf is moderately wounded.
The wolf bites you.
* * * LOW HITPOINT WARNING * * *
The wolf barely misses you.
Unknown command.
You hit Grum.
Grum is poisoned.
Grum is lightly wounded.
The wolf completely misses you. Grum hits you with a -1 glaive.
* * * LOW HITPOINT WARNING * * *
The wolf barely misses you.
You completely miss Grum.
Grum is lightly wounded.
Grum hits you with a -1 glaive!
* * * LOW HITPOINT WARNING * * *
The wolf closely misses you.
You hit Grum.
Grum is lightly wounded.
You kill the wolf!
Grum shouts, "Fido!
Good boy!"
Grum misses you.
Unknown command.
Casting: Ignite Poison (dangerous; 7% risk of failure)
Confirm with . or Enter, or press ? or * to list all spells.
You ignite the poison in your surroundings!
Grum seems to burn from within!!
Grum is severely wounded.
Grum hits you with a -1 glaive!
You die...

.#### ..# .#..# ...##
....##### ....##
......#.# #....##
...#...## #....##
####....## #....### #
#.#.#..## #P....P#
######....###†.#†..##
..## ###..##.hh#@...##
...#####..g...#g#....##
....#.#......#####....#
#....#...#....# ##...#
#.......###....# #....#
###...### ##....##P...#
####...######...###...#
#.#.....#.# ...# #...##
.#...P....# ...# #...P#


You could see Grum.

Vanquished Creatures
  Gastronok (D:8)
  Psyche (D:8)
  Prince Ribbit (D:5)
  A hornet (D:6)
  Grinder (D:4)
  A slime creature (D:9)
  A wyvern (Lair:1)
  2 steam dragons
  Edmund (D:4)
  2 water moccasins
  3 ice beasts (D:7)
  2 orc warriors (D:7)
  2 sky beasts
  2 hornet zombies
  A necrophage (D:5)
  A black bear (D:6)
  An ogre (D:4)
  A wolf (Lair:1)
  8 centaurs
  A phantom (D:5)
  A kobold brigand (D:9)
  3 bullfrogs
  A wyvern zombie (D:7)
  3 scorpions
  7 killer bees
  4 jellies
  Crazy Yiuf (D:7)
  2 gnoll shamans
  5 orc priests
  3 hounds
  2 centaur skeletons
  2 iguanas
  3 bullfrog skeletons
  2 orc wizards
  A killer bee zombie (D:8)
  7 gnolls
  7 adders
  A shadow imp (D:8)
  A white imp (D:7)
  An ufetubus (D:6)
  An adder skeleton (D:4)
  5 worms
  4 dart slugs
  30 orcs
  8 ball pythons
  8 endoplasms
  3 giant cockroaches
  12 goblins
  7 hobgoblins
  12 jackals
  4 quokkas
  9 bats
  3 frilled lizards
  8 kobolds
  4 rats (D:2)
209 creatures vanquished.

Vanquished Creatures (collateral kills)
  A warg (D:6)
  An ice beast (D:7)
  A jelly (D:7)
  2 gnolls (D:7)
5 creatures vanquished.

Vanquished Creatures (others)
  A wraith (D:9)
  3 yaks (D:9)
  A gnoll sergeant (D:7)
  A wyvern skeleton (D:7)
  5 killer bees (D:8)
  A howler monkey (D:7)
  A kobold (D:9)
  A frilled lizard (D:2)
  2 fungi (Lair:1)
  4 plants (Lair:1)
20 creatures vanquished.

Grand Total: 234 creatures vanquished

Notes
Turn   | Place    | Note
-------+----------+-------------------------------------------
     0 | D:1      | pkoi the Demigod Gladiator began the quest for the Orb.
     0 | D:1      | Reached XP level 1. HP: 17/17 MP: 3/3
    14 | D:1      | Got Boewnado's Disquisition on Dark Magic and the Birds
   620 | D:1      | Reached skill level 3 in Unarmed Combat
   815 | D:1      | Reached XP level 2. HP: 22/24 MP: 4/4
  1918 | D:2      | Reached XP level 3. HP: 29/29 MP: 5/5
  2054 | D:2      | Reached skill level 4 in Unarmed Combat
  4051 | D:3      | Reached XP level 4. HP: 30/36 MP: 6/6
  4306 | D:3      | HP: 1/36 [orc priest/nerve-wracking pain (14)]
  4319 | D:3      | Reached skill level 5 in Unarmed Combat
  4829 | D:3      | Gained mutation: Your spells are a little easier to cast,
                  | but a little less powerful. [potion of mutation]
  4829 | D:3      | Gained mutation: You are partially covered in iridescent
                  | scales. (AC +2) [potion of mutation]
  5540 | D:3      | Reached XP level 5. HP: 28/41 MP: 7/7
  6607 | D:4      | Found a staircase to the Ecumenical Temple.
  6675 | Temple   | Entered the Ecumenical Temple
  6889 | D:4      | Noticed an ogre
  7271 | D:4      | Reached XP level 6. HP: 31/50 MP: 8/8
  7507 | D:4      | Reached skill level 6 in Unarmed Combat
  7937 | D:5      | Entered Level 5 of the Dungeon
  7939 | D:5      | Noticed Prince Ribbit
  7962 | D:5      | Killed Prince Ribbit
  7963 | D:5      | Reached XP level 7. HP: 8/57 MP: 9/9
  8844 | D:5      | Found Daizexe's Antique Weapon Boutique.
  8847 | D:5      | Bought a crystal dagger for 168 gold pieces
  8847 | D:5      | Identified the +5 dagger of Capital Punishment {drain,
                  | Str+4} (You bought it in a shop on level 5 of the Dungeon)
  8877 | D:5      | Noticed Grinder
  8915 | D:5      | Noticed Edmund
  8928 | D:4      | Paralysed by Grinder for 3 turns
  8939 | D:4      | Killed Grinder
  8940 | D:4      | Reached skill level 7 in Unarmed Combat
  9225 | D:4      | Killed Edmund
  9226 | D:4      | Reached skill level 5 in Dodging
  9394 | D:5      | Learned a level 3 spell: Call Canine Familiar
  9443 | D:5      | Reached XP level 8. HP: 54/66 MP: 9/11
  9923 | D:6      | Reached skill level 1 in Summonings
 10036 | D:6      | Reached skill level 1 in Spellcasting
 10410 | D:5      | Reached skill level 8 in Unarmed Combat
 10616 | D:6      | Noticed a hornet
 11565 | D:6      | Paralysed by a hornet for 2 turns
 11567 | D:6      | Killed a hornet
 11756 | D:7      | Noticed Maggie
 11757 | D:7      | Noticed Maggie
 11757 | D:7      | Maggie changed into Maggie the warg
 11776 | D:6      | Killed Maggie the warg
 12243 | D:6      | Reached skill level 9 in Unarmed Combat
 12243 | D:6      | Reached XP level 9. HP: 59/71 MP: 16/16
 12304 | D:6      | Learned a level 3 spell: Summon Guardian Golem
 12770 | D:7      | Reached skill level 1 in Hexes
 12931 | D:7      | Learned a level 3 spell: Ignite Poison
 13591 | D:7      | Reached skill level 1 in Transmutations
 13611 | D:7      | Reached skill level 1 in Fire Magic
 13611 | D:7      | Reached skill level 1 in Poison Magic
 14824 | D:7      | Found a runed translucent door.
 14825 | D:7      | Noticed Crazy Yiuf
 15575 | D:7      | Killed Crazy Yiuf
 16113 | D:8      | Noticed Gastronok
 16194 | D:8      | Reached skill level 10 in Unarmed Combat
 16533 | D:8      | Noticed Psyche
 16959 | D:8      | Noticed Maurice
 16968 | D:8      | Paralysed by Maurice for 2 turns
 17414 | D:8      | Killed Psyche
 17415 | D:8      | Reached XP level 10. HP: 42/78 MP: 18/18
 17964 | D:8      | Killed Gastronok
 18956 | D:9      | Learned a level 2 spell: Blink
 19038 | D:9      | Reached skill level 1 in Translocations
 20014 | D:9      | Noticed Erica
 20386 | D:9      | Found a staircase to the Lair.
 20441 | D:10     | Entered Level 10 of the Dungeon
 20486 | Lair:1   | Entered Level 1 of the Lair of Beasts
 20533 | Lair:1   | Noticed a black mamba
 20699 | Lair:1   | Noticed Grum
 20725 | Lair:1   | Slain by Grum

Illustrated notes

Levels and vault maps discovered:
D:1:      ncdulo_watergridlock, layout_loops_ring,
          shapermc_ecumenical_altar_mp_highgroup
D:2:      layout_loops_ring, minmay_pentomino_z4
D:3:      layout_basic, lemuel_crystal_altar, st_stairs_10,
          guppyfry_early_orc_mine
D:4:      layout_cave_pools, minmay_temple_entry_purple_smoke
D:5:      layout_basic, serial_shops, nicolae_shop_behind_doors, uniq_edmund,
          uniq_grinder, uniq_prince_ribbit1
D:6:      layout_gridville, corexii_checkpoint_a
D:7:      layout_cave_pools, kennysheep_pointless_box, nzn_random_ring,
          uniq_maggie, uniq_crazy_yiuf_cottage
D:8:      layout_loops_cross, grunt_decor_one_mirror, roderic_lattice_a,
          minivault_11, uniq_gastronok, uniq_psyche, uniq_maurice, uniq_pikel
D:9:      layout_long_grid, lair_entry_dummy, uniq_erica
D:10:     layout_irregular_city, serial_shops, nicolae_shop_statue_plus
Temple:   dpeg_three_leaves_temple
Lair:1:   layout_concentric_octagons, uniq_grum

Skill      XL: |  1  2  3  4  5  6  7  8  9 10 |
---------------+-------------------------------+-----
Unarmed Combat | 3 4 5 6 7 9 10 | 10.9
Fighting       | 2 3 4 |  4.3
Dodging        | 3 4 5 |  5.1
Summonings     | 3 4 |  4.3
Spellcasting   | 3 4 |  4.4
Hexes          | 2 3 |  3.0
Transmutations | 2 3 |  3.4
Fire Magic     | 2 3 |  3.0
Poison Magic   | 2 3 |  3.0
Translocations | 1 |  1.2
Throwing       | |  1.7
Evocations     | |  0.2

Action                   |  1- 3 |  4- 6 |  7- 9 | 10-12 || total
-------------------------+-------+-------+-------+-------++-------
Melee: Dagger            |   286 |   138 |    77 |    23 ||   524
       Unarmed           |    13 |       |   422 |    95 ||   530
       Punch             |    14 |     9 |    32 |     9 ||    64
 Fire: Fustibalus        |       |    30 |     6 |     8 ||    44
Throw: Throwing net      |       |       |     2 |       ||     2
 Cast: Call Canine Famil |       |       |    20 |     2 ||    22
       Summon Guardian G |       |       |    16 |     6 ||    22
       Ignite Poison     |       |       |     9 |     3 ||    12
 Abil: Evoke Invisibilit |       |       |       |     1 ||     1
Evoke: Wand              |       |       |     1 |       ||     1
  Use: Potion            |       |     2 |     5 |       ||     7
       Scroll            |       |       |    15 |       ||    15
 Stab: Sleeping          |     2 |       |     1 |     1 ||     4
       Distracted        |       |       |     1 |       ||     1
Armor: Leather armour    |   108 |    45 |     3 |       ||   156
       Robe              |       |       |    64 |       ||    64
       Steam dragon scal |       |       |    92 |    38 ||   130
Dodge: Dodged            |   208 |    91 |   393 |    91 ||   783
